General information
- name: BNet
- type: Ladder 1vs1/FFA
- host: Battle.net
- saver: pps.0
map: CentaurGrove
- players: 2
- length: 28:55
- speed: Fast
- version: 1.24 W3XP
- replay type: Public
» download(76 KB)
Players
team 1 (loser)
Guinchard (
red | 34 APM | 967 actions | 28:51)
3 Blademaster
2 Wind Walk
1 Critical Strike
» actions
| Basic commands | 10 | |
| Build / train | 53 | |
| Enter build submenu | 15 | |
| Enter hero's abilities submenu | 3 | |
| Remove unit from queue | 3 | |
| Right click | 483 | |
| Select / deselect | 329 | |
| Use ability | 71 | |
967 total
» units
» upgrades
| Armor | 3 | |
| Melee Weapons | 3 | |
| Berserker Strength | 0 | |
| Shaman Training | 2 | |
| Pulverize | 1 | |
9 total
» buildings
| Altar of Storms | 1 | |
| Barracks | 1 | |
| Orc Burrow | 7 | |
| War Mill | 2 | |
| Stronghold | 1 | |
| Spirit Lodge | 1 | |
| Fortress | 1 | |
| Tauren Totem | 1 | |
15 total
» build order
00:07 Altar of Storms
00:18 Barracks
00:22 Orc Burrow
02:23 Orc Burrow
02:38 War Mill
04:10 War Mill
06:15 Orc Burrow
06:22 Orc Burrow
06:56 Stronghold
09:01 Orc Burrow
09:08 Orc Burrow
12:31 Spirit Lodge
14:18 Fortress
17:14 Tauren Totem
17:31 Orc Burrow
team 2 (winner)
pps.0 (
purple | 60 APM | 1724 actions | 28:55)
5 Blademaster
2 Wind Walk
3 Critical Strike
5 Shadow Hunter
2 Hex
3 Healing Wave
» actions
| Assign group hotkey | 38 | |
| Basic commands | 128 | |
| Build / train | 91 | |
| ESC pressed | 3 | |
| Enter build submenu | 37 | |
| Enter hero's abilities submenu | 10 | |
| Give item / drop item | 4 | |
| Right click | 636 | |
| Select / deselect | 329 | |
| Select group hotkey | 297 | |
| Use ability | 151 | |
1724 total
» units
| Peon | 22 | |
| Grunt | 4 | |
| Raider | 4 | |
| Troll Witch Doctor | 2 | |
| Shaman | 2 | |
| Spirit Walker | 1 | |
| Wind Rider | 2 | |
| Tauren | 1 | |
38 total
» upgrades
| Witch Doctor Training | 2 | |
| Ensnare | 1 | |
| Berserker Strength | 1 | |
| Armor | 3 | |
| Spirit Walker Training | 2 | |
| Shaman Training | 2 | |
| Troll Regeneration | 1 | |
| Envenomed Spears | 1 | |
| Ranged Weapons | 1 | |
14 total
» buildings
| Altar of Storms | 1 | |
| Voodoo Lounge | 2 | |
| Orc Burrow | 7 | |
| Barracks | 1 | |
| Stronghold | 1 | |
| War Mill | 1 | |
| Spirit Lodge | 1 | |
| Beastiary | 3 | |
| Watch Tower | 12 | |
| Great Hall | 1 | |
| Fortress | 1 | |
| Tauren Totem | 1 | |
32 total
» build order
00:04 Altar of Storms
00:06 Voodoo Lounge
00:19 Orc Burrow
01:21 Orc Burrow
01:52 Barracks
03:23 Stronghold
04:07 War Mill
04:18 Orc Burrow
05:57 Spirit Lodge
05:59 Beastiary
06:47 Orc Burrow
07:07 Orc Burrow
07:17 Watch Tower
07:17 Watch Tower
10:24 Watch Tower
10:25 Watch Tower
10:26 Watch Tower
10:49 Great Hall
10:57 Orc Burrow
11:02 Watch Tower
11:14 Watch Tower
11:28 Watch Tower
11:36 Watch Tower
12:18 Watch Tower
12:22 Watch Tower
12:23 Watch Tower
12:51 Voodoo Lounge
12:56 Fortress
17:17 Tauren Totem
18:12 Beastiary
18:15 Orc Burrow
19:52 Beastiary
» items
| Healing Salve | 3 | |
| Lesser Clarity Potion | 5 | |
| Boots of Speed | 2 | |
| Dust of Appearance | 1 | |
| Periapt of Vitality | 2 | |
| Scroll of Town Portal | 1 | |
| Potion of Healing | 7 | |
| Orb of Lightning | 1 | |
| Potion of Mana | 2 | |
24 total
Chat log
(19:19 / All) pps.0: lol
(28:20 / All) pps.0: yyawn
(28:27 / All) Guinchard: faggot nerd
(28:29 / All) pps.0: u mad?
(28:35 / All) Guinchard: ur a bitch
(28:38 / All) pps.0: yep u mad
(28:41 / All) Guinchard: get off the computer
(28:44 / All) pps.0: hey
(28:45 / All) pps.0: hey
(28:46 / All) Guinchard: play a real game
(28:47 / All) Guinchard: noob
(28:49 / All) Guinchard: learn2play
(28:49 / All) pps.0: youre playing warcraft 3 also